 Dungeon Crawl Stone Soup version 0.26.0-10-g1f06aea511 (webtiles) character file.

Game seed: 7797300796071220892

19531 MajorAdolf the Fighter (level 12, -8/114 HPs)
             Began as a Naga Wanderer on Jan 14, 2021.
             Was an Initiate of Gozag.
             Killed from afar by a tengu conjurer (30 damage)
             ... with a bolt of magma
             ... on level 13 of the Dungeon.
             The game lasted 00:31:11 (18605 turns).

MajorAdolf the Fighter (Naga Wanderer)             Turns: 18605, Time: 00:31:12

Health: -8/114     AC: 32    Str: 20    XL:     12   Next: 70%
Magic:  12/12      EV: 11    Int: 12    God:    Gozag
Gold:   1734       SH: 12    Dex: 19    Spells: 11/11 levels left

rFire    . . .     SeeInvis +   L - +0 war axe (pain)
rCold    . . .     Faith    .   f - +1 kite shield
rNeg     . . .     Spirit   .   g - +3 ring mail
rPois    +         Reflect  .   (no helmet)
rElec    +         Harm     .   J - +1 cloak
rCorr    .         Rampage  .   d - +4 pair of gloves of Fun and Games {Dex+2}
Will     +....                  P - +4 barding {Stlth+}
Stlth    ++........             (no amulet)
HPRegen  0.29/turn              A - ring of Pehas {rElec Dex+6}
MPRegen  0.13/turn              u - +4 ring of protection

@: about to teleport, very slow
A: large, see invisible, deformed body, poison resistance, slowness 2, spit
poison 1, AC +4
a: Spit Poison, Renounce Religion, Potion Petition, Call Merchant, Bribe Branch


You were on level 13 of the Dungeon.
You worshipped Gozag.
Gozag was most pleased with you.
You visited 2 branches of the dungeon, and saw 14 of its levels.
You also visited: Sewer and Ice Cave.

You collected 3341 gold pieces.
You spent 1085 gold pieces at shops.
You paid 522 gold pieces to Gozag.

Inventory:

Hand Weapons
 L - a +0 war axe of pain (weapon)
 M - a +0 hand axe of holy wrath
Missiles
 c - 283 arrows
Armour
 d - the +4 pair of gloves of Fun and Games (worn) {Dex+2}
   (You found it on level 4 of the Dungeon)

   It affects your dexterity (+2).
 f - a +1 kite shield (worn)
 g - a +3 ring mail (worn)
 H - a +0 animal skin of cold resistance
 J - a +1 cloak (worn)
 P - a +4 barding of stealth (worn)
Jewellery
 j - a +6 ring of strength
 u - a +4 ring of protection (right hand)
 A - the ring of Pehas (left hand) {rElec Dex+6}
   (You found it in an ice cave)

   [ring of dexterity]

   It affects your dexterity (+6).
   It insulates you from electricity.
 C - an uncursed ring of flight
 E - an uncursed amulet of magic regeneration
 I - an uncursed ring of positive energy
 K - a cursed -4 ring of dexterity
 R - an uncursed ring of protection from cold {unknown}
 T - an uncursed ring of protection from cold {unknown}
Wands
 e - a wand of flame (5)
 o - a wand of random effects (27)
 p - a wand of iceblast (1)
 y - a wand of paralysis (5)
 D - a wand of enslavement (4)
 Q - a wand of disintegration (2)
Scrolls
 k - 5 scrolls of remove curse
 t - 7 scrolls of teleportation
 x - 2 scrolls of fear
 F - a scroll of fog
 G - 2 scrolls of enchant weapon
 N - 2 scrolls of immolation
 O - a scroll of magic mapping
 S - a scroll of identify
 U - a scroll of vulnerability {unknown}
Potions
 a - a potion of brilliance {unknown}
 b - 2 potions of degeneration
 h - 2 potions of berserk rage
 i - 4 potions of invisibility
 l - 3 potions of attraction
 m - a potion of mutation
 n - 3 potions of flight
 q - a potion of heal wounds
 s - 2 potions of haste
 v - a potion of ambrosia
 w - 8 potions of curing
 z - 2 potions of lignification
 B - 2 potions of might


   Skills:
 + Level 9.2 Fighting
 + Level 8.9 Axes
 - Level 1.7 Crossbows
 + Level 7.3 Armour
 + Level 7.1 Dodging
 - Level 1.5 Stealth
 + Level 7.3 Shields
 + Level 7.8 Evocations


You had 11 spell levels left.
You didn't know any spells.
Your spell library contained the following spells:

 Spells                   Type           Power        Failure   Level
 Beastly Appendage        Tmut           0%           58%         1
 Wereblood                Tmut           0%           75%         2
 Spider Form              Tmut/Pois      0%           92%         3
 Ice Form                 Ice/Tmut       0%           100%        4
 Blade Hands              Tmut           0%           100%        5
 Metabolic Englaciation   Hex/Ice        0%           100%        5
 Freezing Cloud           Conj/Ice/Air   0%           100%        6
 Ozocubu's Refrigeration  Ice            0%           100%        6
 Simulacrum               Ice/Necr       0%           100%        6


Dungeon Overview and Level Annotations

Branches:
Dungeon (13/15)            Temple (1/1) D:4            Lair (0/6) D:8
    Orc (0/2) D:10          Sewer (visited)           IceCv (visited)
 Vaults: D:13-14

Altars:
Ashenzari
Cheibriados
Dithmenos
Elyvilon
Fedhas
Gozag
Hepliaklqana
Kikubaaqudgha
Makhleb
Nemelex Xobeh
Okawaru
Qazlal
Ru
Sif Muna
Trog
Uskayaw
Vehumet
Wu Jian
Xom
Yredelemnul
Zin
The Shining One

Shops:
D:8 [?   D:10 }

Annotations:
D:3 Grinder
D:9 3 runed translucent doors, Dracia's ghost, novice GnWn
D:13 Rupert; Urug


Innate Abilities, Weirdness & Mutations

You cannot wear boots.
Your serpentine skin is tough. (AC +4)
You have supernaturally acute eyesight. (SInv)
Armour fits poorly on your strangely shaped body.
Your system is resistant to poisons. (rPois)
You cover ground very slowly.
You can spit poison.


Message History

Pain shoots through your body!
The orc warrior shouts!
You block the orc priest's attack.
The tengu conjurer gestures at you while chanting.
The bolt of magma hits you!
* * * LOW HITPOINT WARNING * * *
Things that are here:
6 gold pieces; a +0 giant club You miss the tengu conjurer.
You slash the orc priest! You block the tengu conjurer's attack.
The tengu conjurer pecks you but does no damage.
You block the tengu conjurer's attack.
Unknown command.
As you read the scroll of teleportation, it crumbles to dust.
You feel strangely unstable.
The orc priest begins to cast a cantrip, but forgets the words!
The tengu conjurer points at you and mumbles some strange words.
The bolt of magma hits you!!
You die...
Your body crumbles into a pile of gold.

##########
###o@..#...##
##.##oQ##..#.#.
#...##o.......#
#..........#
##.#.........##
..............#
...............
................
.......$........


You could see a tengu conjurer, an orc warrior, an orc priest and an orc.

Vanquished Creatures
  A white draconian (IceCv)
  A hydra (D:11)
  An ice dragon (D:11)
  2 death yaks (IceCv)
  An unseen horror (D:10)
  2 ugly things (D:13)
  A manticore (D:11)
  An ice statue (IceCv)
  Psyche (D:8)
  A gargoyle (D:13)
  3 trolls
  11 polar bears
  A harpy skeleton (D:13)
  2 slime creatures
  A meliai zombie (D:13)
  A wraith (D:13)
  A shadow (D:11)
  18 yaks
  A wyvern (D:13)
  A steam dragon (D:11)
  Purgy (Sewer)
  4 orc warriors
  4 black bears
  4 eyes of draining
  2 sky beasts
  9 ogres
  3 ice beasts
  3 necrophages
  13 wolves
  2 phantoms
  3 centaurs
  6 bullfrogs
  A wyvern skeleton (D:9)
  6 scorpions
  A water moccasin skeleton (D:5)
  4 killer bees (D:11)
  A howler monkey (D:6)
  3 jellies
  3 quasits
  A bullfrog zombie (D:11)
  A bullfrog skeleton (D:2)
  4 hounds
  3 orc priests
  4 orc wizards
  2 centaur skeletons
  2 iguanas
  7 worker ants
  A killer bee zombie (D:7)
  2 hound zombies
  A hound skeleton (D:10)
  8 gnolls
  16 adders
  2 howler monkey skeletons
  A river rat (D:6)
  A shadow imp (D:10)
  A white imp (D:10)
  3 ufetubi
  An ooze (D:2)
  An adder zombie (D:5)
  5 dart slugs
  3 worms
  6 leopard geckos
  27 orcs
  6 ball pythons
  13 bats
  8 giant cockroaches
  7 goblins
  9 hobgoblins
  9 jackals
  8 kobolds
  6 quokkas
  5 frilled lizards
  A quokka skeleton (D:8)
  6 rats
306 creatures vanquished.

Vanquished Creatures (others)
  A death yak (IceCv)
  2 polar bears (IceCv)
  4 wolves (IceCv)
  17 fungi (D:8)
  18 plants (D:8)
42 creatures vanquished.

Grand Total: 348 creatures vanquished

Notes
Turn   | Place    | Note
-------+----------+-------------------------------------------
     0 | D:1      | MajorAdolf the Naga Wanderer began the quest for the Orb.
     0 | D:1      | MajorAdolf set off with the following items: a +0 club, a
                  | +0 shortbow, 23 arrows, a potion of lignification, a +0
                  | robe, a +0 kite shield
     0 | D:1      | Reached XP level 1. HP: 21/21 MP: 1/1
   142 | D:1      | Reached XP level 2. HP: 22/28 MP: 2/2
   594 | D:1      | Reached XP level 3. HP: 34/34 MP: 3/3
  1042 | D:2      | Reached skill level 1 in Dodging
  1416 | D:2      | Reached XP level 4. HP: 20/42 MP: 4/4
  2240 | D:2      | Reached XP level 5. HP: 46/49 MP: 5/5
  3053 | D:3      | Noticed an ogre
  3061 | D:3      | Killed an ogre
  3062 | D:3      | Reached skill level 4 in Fighting
  3062 | D:3      | Reached XP level 6. HP: 57/57 MP: 6/6
  3364 | D:3      | Noticed Grinder
  3376 | D:3      | Paralysed by Grinder for 3 turns
  3383 | D:3      | Paralysed by Grinder for 7 turns
  3594 | D:4      | Noticed a phantom
  3911 | D:4      | Killed a phantom
  4166 | D:4      | Got a pair of faintly humming gloves
  4556 | D:4      | Reached XP level 7. HP: 56/66 MP: 7/7
  4648 | D:4      | Found a staircase to the Ecumenical Temple.
  5285 | Temple   | Entered the Ecumenical Temple
  5383 | Temple   | Became a worshipper of Gozag Ym Sagoz the Greedy
  5438 | D:5      | Entered Level 5 of the Dungeon
  5515 | D:5      | Identified the +4 pair of gloves of Fun and Games {Dex+2}
                  | (You found it on level 4 of the Dungeon)
  5726 | D:5      | Reached skill level 1 in Evocations
  5847 | D:5      | Found a glowing golden altar of the Shining One.
  6095 | D:5      | Reached XP level 8. HP: 73/73 MP: 8/8
  6579 | D:6      | Found a glowing drain.
  6583 | Sewer    | Entered a sewer
  6619 | Sewer    | Reached skill level 5 in Fighting
  6644 | Sewer    | Noticed Purgy
  6655 | Sewer    | Killed Purgy
  7765 | D:7      | Reached skill level 5 in Axes
  8240 | D:7      | Reached XP level 9. HP: 81/81 MP: 9/9
  8312 | D:8      | Noticed Psyche
  8325 | D:8      | Killed Psyche
  8538 | D:8      | Reached skill level 6 in Fighting
  8826 | D:8      | Found a staircase to the Lair.
  8948 | D:8      | Found Otal's Antique Armour Emporium.
  8953 | D:8      | Bought an embroidered cloak for 210 gold pieces
  9252 | D:8      | Found a broken altar of Ashenzari.
  9589 | D:9      | Noticed a troll
  9596 | D:9      | Killed a troll
  9597 | D:9      | Reached XP level 10. HP: 30/92 MP: 10/10
  9862 | D:9      | Found a runed translucent gate.
  9865 | D:9      | Found a runed translucent gate.
  9865 | D:9      | Found a runed translucent gate.
  9865 | D:9      | Found an opulent altar of Gozag.
  9874 | D:9      | Noticed Dracia's ghost (novice GnWn)
  9916 | D:9      | Found a burning altar of Makhleb.
 10056 | D:9      | Reached skill level 5 in Armour
 10090 | D:9      | Reached skill level 5 in Shields
 10533 | D:8      | Bought a scroll of magic mapping for 38 gold pieces
 10533 | D:8      | Bought a scroll of teleportation for 33 gold pieces
 10533 | D:8      | Bought a scroll of acquirement for 572 gold pieces
 10533 | D:8      | Acquired a +2 barding of stealth
 10544 | D:8      | Acquired 481 gold pieces
 10554 | D:8      | Bought a scroll of immolation for 38 gold pieces
 10563 | D:8      | Bought a scroll of identify for 22 gold pieces
 10563 | D:8      | Bought a scroll of identify for 22 gold pieces
 10661 | D:9      | Noticed a wolf spider
 10666 | D:9      | a wolf spider changed into a snapping turtle
 10688 | D:10     | Entered Level 10 of the Dungeon
 11051 | D:10     | Found Egaroluc's Gadget Emporium.
 11066 | D:10     | Bought a wand of paralysis (8) for 150 gold pieces
 11248 | D:10     | Noticed an unseen horror
 11265 | D:10     | Found a staircase to the Orcish Mines.
 11276 | D:10     | Killed an unseen horror
 11277 | D:10     | Reached skill level 7 in Fighting
 11277 | D:10     | Reached skill level 5 in Dodging
 11277 | D:10     | Reached skill level 5 in Evocations
 11951 | D:11     | Found a frozen archway.
 11952 | D:11     | Noticed an ice dragon
 11983 | D:11     | Reached XP level 11. HP: 89/100 MP: 11/11
 12005 | D:11     | Killed an ice dragon
 12036 | IceCv    | Entered an ice cave
 14109 | IceCv    | Got a heavily runed brass ring
 14115 | IceCv    | Identified the ring of Pehas {rElec Dex+6} (You found it in
                  | an ice cave)
 14268 | IceCv    | Reached skill level 8 in Fighting
 14814 | IceCv    | Noticed a death yak
 14834 | IceCv    | Killed a death yak
 15364 | IceCv    | Noticed a death yak
 15386 | IceCv    | Killed a death yak
 15703 | IceCv    | Noticed a death yak
 15703 | IceCv    | Noticed a white draconian
 15707 | IceCv    | Killed a death yak
 15708 | IceCv    | Reached XP level 12. HP: 112/112 MP: 12/12
 15725 | IceCv    | Killed a white draconian
 15760 | IceCv    | HP: 5/112 [polar bear (19)]
 16319 | IceCv    | Got a brightly glowing chain mail
 16618 | D:11     | Identified the cursed +1 chain mail of Untruth {rPois} (You
                  | found it in an ice cave)
 17072 | D:11     | Noticed a seven-headed hydra
 17080 | D:11     | Killed an eight-headed hydra
 17090 | D:11     | Reached skill level 9 in Fighting
 18396 | D:13     | Noticed Urug
 18404 | D:13     | Noticed Rupert
 18605 | D:13     | Killed from afar by a tengu conjurer

Illustrated notes

Levels and vault maps discovered:
D:1:      dpeg_arrival_triangle_fractal, layout_basic
D:2:      minmay_razor_zed, layout_basic, hangedman_abyss_or_decor_lesser_grid
D:3:      layout_basic, okawaru_altar_gauntlet_db, uniq_grinder
D:4:      layout_basic, minmay_temple_entry_offerings
D:5:      layout_rooms, basic_altar, minmay_crystal_water
D:6:      layout_basic, gup_sewer_entry_spiral
D:7:      layout_cave_pools, serial_glass, glass_columns_a, glass_columns_c,
          glass_columns_c, glass_columns_b
D:8:      layout_loops_ring, grunt_lair_entry_orc_guard_hut, serial_shops, shop,
          grunt_ashenzari_visionary [grunt_ashenzari_visionary_shoals,
          grunt_ashenzari_visionary_spider], uniq_psyche
D:9:      layout_roguey, nicolae_overflow_crystal_walls, ebering_ghost_gozag
D:10:     layout_basic, david_orc_2, serial_shops, shop
D:11:     layout_roguey, portal_ice_cave_entry_animals_and_master
D:12:     layout_irregular_city
D:13:     layout_big_octagon, david_vaults_5, uniq_josephine, uniq_urug,
          uniq_rupert
Temple:   compressed_dpeg_circular_temple

Skill      XL: |  1  2  3  4  5  6  7  8  9 10 11 12 |
---------------+-------------------------------------+-----
Dodging        | 1 2 3 4 5 6 7 |  7.1
Armour         | 2 3 4 5 6 7 |  7.3
Shields        | 2 3 4 5 6 7 |  7.3
Axes           | 3 4 5 6 7 8 |  8.9
Fighting       | 4 5 6 7 8 9 |  9.2
Evocations     | 1 3 4 5 7 |  7.8
Crossbows      | |  1.7
Stealth        | |  1.5

Action                   |  1- 3 |  4- 6 |  7- 9 | 10-12 || total
-------------------------+-------+-------+-------+-------++-------
Melee: Club              |    32 |       |       |       ||    32
       Hand axe          |    93 |   172 |       |       ||   265
       War axe           |       |   105 |   352 |   864 ||  1321
Invok: Call Merchant     |       |       |     1 |       ||     1
 Abil: Spit Poison       |     4 |     5 |     8 |       ||    17
Evoke: Wand              |       |       |     4 |    49 ||    53
  Use: Scroll            |     4 |     6 |     7 |    23 ||    40
       Potion            |       |     3 |     1 |     8 ||    12
 Stab: Distracted        |       |       |     1 |     7 ||     8
       Paralysed         |       |       |       |    20 ||    20
       Sleeping          |       |       |       |     5 ||     5
Armor: Ring mail         |    60 |    71 |   215 |   618 ||   964
       Chain mail        |    21 |    45 |       |       ||    66
       Skin              |       |     2 |       |       ||     2
       Animal skin       |       |       |       |     4 ||     4
Dodge: Dodged            |    30 |    37 |   133 |   376 ||   576
Block: Kite shield       |    63 |   136 |   229 |   674 ||  1102
